 Dungeon Crawl Stone Soup version 0.28.0-62-gf88900778d (webtiles) character file.

Game seed: 9865182691422638082

10474 cbfl8 the Cleaver (level 11, -28/92 HPs)
             Began as a Minotaur Fighter on July 7, 2023.
             Was a High Priest of Okawaru.
             Annihilated by a titanic slime creature (75 damage)
             ... on level 11 of the Dungeon.
             The game lasted 00:14:23 (10119 turns).

cbfl8 the Cleaver (Minotaur Fighter)               Turns: 10119, Time: 00:14:24

Health: -28/92     AC: 16    Str: 21    XL:     11   Next: 36%
Magic:  10/10      EV:  7    Int:  5    God:    Okawaru [*****.]
Gold:   511        SH: 11    Dex: 14    Spells: 10/10 levels left

rFire   x . .      SeeInvis .   r - +2 hand axe (venom)
rCold   + + .      Faith    .   j - +0 kite shield
rNeg    . . .      Spirit   .   t - +1 chain mail {rC+}
rPois   .          Reflect  .   (helmet restricted)
rElec   .          Harm     .   c - +0 cloak
rCorr   .          Rampage  .   m - +0 pair of gloves
Will    .....                   D - +0 pair of boots
Stlth   ..........              k - amulet of regeneration
HPRegen 1.05/turn               i - ring of flight
MPRegen 0.12/turn               J - ring of ice

@: about to teleport, flying
A: horns 2, retaliatory headbutt
a: Renounce Religion, Heroism, Finesse, Duel


You were on level 11 of the Dungeon.
You worshipped Okawaru.
Okawaru was extremely pleased with you.
You visited 1 branch of the dungeon, and saw 11 of its levels.
You also visited: Bailey.

You collected 619 gold pieces.
You spent 108 gold pieces at shops.

Inventory:

Hand Weapons
 a - the +0 hand axe "Gofuihuj" {flame, rPois rC+ Stlth+}
   (Okawaru gifted it to you on level 11 of the Dungeon)

   It burns those it strikes, dealing additional fire damage.
   Big, fiery blades are also staple armaments of hydra-hunters.
   rC:        It protects you from cold.
   rPois:     It protects you from poison.
   Stlth:     It makes you more stealthy.
 r - a +2 hand axe of venom (weapon)
 G - a +2 broad axe
Missiles
 g - 15 boomerangs
 z - 3 silver javelins
Armour
 c - a +0 cloak (worn)
 j - a +0 kite shield (worn)
 m - a +0 pair of gloves (worn)
 t - a +1 chain mail of cold resistance (worn)
 D - a +0 pair of boots (worn)
Jewellery
 i - a ring of flight (left hand)
 k - an amulet of regeneration (around neck)
 J - a ring of ice (right hand)
Wands
 o - a wand of digging (12)
 u - a wand of paralysis (3)
 A - a wand of flame (15)
 E - a wand of iceblast (5) (quivered)
 L - a wand of polymorph (3)
Scrolls
 f - 8 scrolls of teleportation
 h - 2 scrolls of fog
 p - a scroll of holy word
 q - 2 scrolls of noise
 w - 2 scrolls of enchant armour
 y - 2 scrolls of fear
 F - a scroll of magic mapping
 I - a scroll of summoning {unknown}
 M - 3 scrolls of identify
Potions
 b - 2 potions of invisibility
 d - 6 potions of might
 e - 4 potions of resistance
 l - 5 potions of curing
 n - 3 potions of cancellation {unknown}
 s - 2 potions of heal wounds
 v - 2 potions of flight {unknown}
 x - 5 potions of haste {unknown}
 B - a potion of berserk rage {unknown}
 C - a potion of lignification {unknown}
 H - 3 potions of mutation {unknown}
 K - a potion of magic {unknown}


   Skills:
 + Level 7.5 Fighting
 + Level 10.8 Axes
 * Level 7.4 Throwing
 + Level 9.0 Armour
 + Level 2.5 Dodging
 + Level 2.5 Stealth
 + Level 9.2 Shields
 * Level 6.4 Evocations


You had 10 spell levels left.
You didn't know any spells.
Your spell library contained the following spells:

 Spells                   Type           Power      Damage    Failure   Level
 Scorch                   Fire           0%         2d5       100%        2
 Conjure Flame            Conj/Fire      0%         6-21      100%        3
 Gell's Gravitas          Tloc           0%         N/A       100%        3
 Ignite Poison            Fire/Tmut/Pois 0%         N/A       100%        3
 Lesser Beckoning         Tloc           0%         N/A       100%        3
 Ozocubu's Armour         Ice            0%         N/A       100%        3
 Teleport Other           Tloc           0%         N/A       100%        3
 Flame Wave               Conj/Fire      0%         2d4       100%        4
 Passage of Golubria      Tloc           0%         N/A       100%        4
 Sticky Flame             Conj/Fire      0%         2d3       100%        4
 Silence                  Hex/Air        0%         N/A       100%        5
 Ozocubu's Refrigeration  Ice            0%         4d5       100%        7
 Lehudib's Crystal Spear  Conj/Erth      0%         10d2      100%        8
 Summon Cactus Giant      Summ           Unusable   N/A       N/A         6

Dungeon Overview and Level Annotations

Branches:
Dungeon (11/15)            Temple (0/1) D:5            Lair (0/6) D:8
    Orc (0/2) D:11         Bailey (visited)

Altars:
Dithmenos
Hepliaklqana
Makhleb
Nemelex Xobeh
Okawaru
Qazlal
Ru
Trog
Uskayaw
Wu Jian
Xom
Yredelemnul
Zin
The Shining One
Beogh

Shops:
D:4 ![=:?   D:7 (

Annotations:
D:2 1 runed translucent door, Crazy Yiuf


Innate Abilities, Weirdness & Mutations

You have a pair of horns on your head.
You reflexively headbutt those who attack you in melee.


Message History

The slime creature hits you but does no damage.
You block the slime creature's attack.
Two slime creatures merge to form a large slime creature.
You hit the slime creature.
The slime creature is lightly wounded.
You barely miss the large slime creature.
You hit the slime creature.
The slime creature hits you but does no damage.
Two slime creatures merge to form a large slime creature.
The slime creature hits you but does no damage.
There are monsters nearby!
You hit the large slime creature.
The large slime creature is poisoned.
You headbutt the large slime creature, but do no damage.
The large slime creature is lightly wounded.
You slash the large slime creature! You hit the slime creature.
The slime creature is poisoned.
You block the slime creature's attack.
Unknown command.
You slash the slime creature!
The slime creature looks as sick as possible!
The slime creature is moderately wounded.
You hit the large slime creature. x2; The large slime creature hits you!!
The large slime creature hits you! You block the slime creature's attack.
Unknown command.
You are too injured to fight recklessly!
Unknown command.
You are too injured to fight recklessly!
Unknown command.
Aiming: Paralyse
Press: ? - help, Q - select action, (/) - cycle Shift-Dir - straight line, f - large slime creature
Aim: a large slime creature (lightly wounded, chance to affect: 47%)
Okay, then.
Aiming: Iceblast
Press: ? - help, Q - select action, (/) - cycle Shift-Dir - straight line
Okay, then.
Two slime creatures merge to form an enormous slime creature.
Two slime creatures merge to form a titanic slime creature.
As you read the scroll of teleportation, it crumbles to dust.
You feel strangely unstable. The titanic slime creature hits you!!!!
Ouch! That really hurt!
You die...

..........#.#+#...#+#
#.(.....#####.......###
#+#...#+#.#...........#
..#####...##.........#
....#......+.........+
....#.)....##...$...#
....#.......#.......#
....'.......####J####
....#.......#...@...#
....#......##.......##
....#......'.........+
..#####...##.........#
#+# #+#.#...........#
#####.......###
#+#...#+# #####


You could see a titanic slime creature (very poisoned).

Vanquished Creatures
  Josephine (D:10)
  Fannar (D:9)
  A two-headed ogre (D:9)
  A kobold demonologist (D:10)
  3 trolls
  Sigmund (D:5)
  6 wraiths
  2 shadows
  A wyvern (D:10)
  9 yaks
  2 steam dragons
  A water moccasin (D:8)
  A swamp drake (D:11)
  2 ogres
  9 orc warriors
  3 black bears
  An ice beast (D:8)
  A sky beast (D:5)
  3 necrophages
  2 centaurs
  3 kobold brigands
  4 bullfrogs
  A gnoll sergeant (D:7)
  A scorpion (D:5)
  2 water moccasin zombies
  3 wights (D:8)
  2 howler monkeys (D:10)
  3 centaur zombies
  2 bullfrog skeletons
  4 hounds
  10 orc priests
  2 centaur skeletons
  A gnoll shaman (D:7)
  Jessica (D:2)
  4 iguanas
  18 orc wizards
  A killer bee zombie (D:7)
  A hound skeleton (D:8)
  17 gnolls
  7 adders
  2 white imps
  An adder skeleton (D:4)
  A worm (D:3)
  4 dart slugs
  83 orcs
  4 ball pythons
  11 endoplasms
  5 giant cockroaches
  4 goblins
  2 hobgoblins
  6 jackals (D:4)
  16 kobolds
  3 quokkas
  5 bats
  5 frilled lizards
  6 rats
296 creatures vanquished.

Notes
Turn   | Place    | Note
-------+----------+-------------------------------------------
     0 | D:1      | cbfl8 the Minotaur Fighter began the quest for the Orb.
     0 | D:1      | Reached XP level 1. HP: 19/19 MP: 0/0
   153 | D:1      | Reached XP level 2. HP: 27/27 MP: 1/1
   756 | D:2      | Reached XP level 3. HP: 33/33 MP: 2/2
   866 | D:2      | Reached skill level 1 in Evocations
   920 | D:2      | Reached skill level 1 in Throwing
  1041 | D:2      | Noticed Jessica
  1049 | D:2      | Killed Jessica
  1050 | D:2      | Reached skill level 3 in Axes
  1125 | D:2      | Reached XP level 4. HP: 40/40 MP: 3/3
  1159 | D:2      | Found a hide-covered altar of Uskayaw.
  1499 | D:2      | Found a runed translucent door.
  1500 | D:2      | Noticed Crazy Yiuf
  1552 | D:3      | Found an iron altar of Okawaru.
  1571 | D:3      | Became a worshipper of Warmaster Okawaru
  1641 | D:3      | Found a glowing golden altar of the Shining One.
  1642 | D:3      | Found a sacrificial altar of Ru.
  1643 | D:3      | Found a basalt altar of Yredelemnul.
  1662 | D:3      | You are sucked into a shaft and drop 1 floor!
  1774 | D:4      | Reached XP level 5. HP: 46/46 MP: 4/4
  1810 | D:4      | Found Hiseuvoq's Magic Scroll Boutique.
  1876 | D:4      | Found Jacwuin's Book Shoppe.
  1881 | D:4      | Reached skill level 4 in Axes
  2711 | D:3      | Found a faded altar of an unknown god.
  2946 | D:4      | Found Ikyfych's Antique Armour Boutique.
  2968 | D:4      | Reached XP level 6. HP: 53/53 MP: 5/5
  2987 | D:4      | Found Cyhurhud's Jewellery Shop.
  3300 | D:4      | Found Fiatytey's Distillery.
  3307 | D:4      | Bought a potion of heal wounds for 60 gold pieces
  3307 | D:4      | Bought a potion of might for 48 gold pieces
  3437 | D:5      | Entered Level 5 of the Dungeon
  3437 | D:5      | Found a staircase to the Ecumenical Temple.
  3500 | D:5      | Reached * piety under Okawaru
  3501 | D:5      | Reached skill level 5 in Axes
  3713 | D:5      | Reached XP level 7. HP: 23/60 MP: 6/6
  4123 | D:5      | Found a hazy altar of Hepliaklqana.
  4165 | D:5      | Reached skill level 6 in Axes
  4165 | D:5      | Reached skill level 5 in Armour
  4215 | D:5      | Reached ** piety under Okawaru
  4223 | D:5      | Reached skill level 5 in Shields
  4237 | D:5      | Noticed Sigmund
  4252 | D:5      | Killed Sigmund
  4253 | D:5      | Reached skill level 5 in Fighting
  4253 | D:5      | Reached XP level 8. HP: 68/68 MP: 7/7
  4530 | D:6      | Reached skill level 7 in Axes
  4577 | D:6      | Found a stormy altar of Qazlal.
  4840 | D:6      | Reached *** piety under Okawaru
  4915 | D:6      | Found a shimmering altar of Xom.
  5386 | D:7      | Reached skill level 1 in Dodging
  5422 | D:7      | Found Qevaez's Weapon Emporium.
  5504 | D:7      | Reached skill level 8 in Axes
  5504 | D:7      | Reached XP level 9. HP: 74/74 MP: 8/8
  5952 | D:7      | Found a sparkling altar of Nemelex Xobeh.
  6579 | D:8      | Reached skill level 5 in Throwing
  6715 | D:8      | Found a bloodstained altar of Trog.
  6863 | D:8      | Reached **** piety under Okawaru
  6952 | D:8      | Reached skill level 9 in Axes
  7064 | D:8      | Reached skill level 5 in Evocations
  7086 | D:8      | Reached XP level 10. HP: 71/84 MP: 9/9
  7176 | D:8      | Found a staircase to the Lair.
  7253 | D:8      | Found a burning altar of Makhleb.
  7364 | D:9      | Found a glowing silver altar of Zin.
  7452 | D:9      | Found a flagged portal.
  7492 | Bailey   | Entered a bailey
  7698 | Bailey   | HP: 3/76 [orc/+0 spear (4)]
  7848 | D:9      | Found an ornate altar of the Wu Jian Council.
  7944 | D:9      | Noticed a two-headed ogre
  7956 | D:9      | Killed a two-headed ogre
  7956 | D:9      | Reached ***** piety under Okawaru
  7956 | D:9      | Received a gift from Okawaru
  8146 | D:9      | Reached skill level 10 in Axes
  8417 | D:10     | Entered Level 10 of the Dungeon
  8485 | D:10     | Noticed Fannar
  8763 | D:9      | Killed Fannar
  8764 | D:9      | Reached skill level 1 in Stealth
  9007 | D:10     | Noticed Josephine
  9022 | D:10     | Killed Josephine
  9022 | D:10     | Received a gift from Okawaru
  9023 | D:10     | Reached XP level 11. HP: 79/92 MP: 10/10
  9731 | D:11     | Found a shadowy altar of Dithmenos.
  9872 | D:11     | Identified the +0 hand axe "Gofuihuj" {flame, rPois rC+
                  | Stlth+} (Okawaru gifted it to you on level 11 of the
                  | Dungeon)
  9872 | D:11     | Received a gift from Okawaru
  9926 | D:11     | Found a staircase to the Orcish Mines.
 10119 | D:11     | Annihilated by a titanic slime creature

Illustrated notes

Levels and vault maps discovered:
D:1:      amcnicky_arrival_gap_in_the_tavern_cellar, layout_loops_ring,
          minmay_split_cup_small
D:2:      layout_loops_ring, basic_altar, serial_glass, glass_columns_b,
          glass_columns_a, glass_columns_a, glass_columns_a, glass_columns_a,
          due_unseen_surprise, minmay_strange_pillars, minmay_misc_feat_pillars,
          hangedman_feature_mirror, uniq_crazy_yiuf_cottage, uniq_jessica
D:3:      layout_basic, okawaru_ov_weapons_minmay,
          chequers_temple_overflow_statue_of_worship,
          hellmonk_ecumenical_altar_inner_sanctum, grunt_ministairs_10
D:4:      layout_loops_ring, serial_shops, shop, nicolae_lakefront_shop, shop,
          shop, nicolae_take_the_stairs, minmay_misc_feat_nine_boxes,
          wad_orctagon
D:5:      layout_basic, nicolae_hepliaklqana_hippocampus,
          minmay_temple_entry_junction, wad_floor_pattern_1, uniq_sigmund
D:6:      layout_cave_pods, mainiacjoe_overflow_tiny_flanked, xom_teletrap_fun
D:7:      layout_rooms, nemelex_diamond_rough_becter, serial_shops,
          nicolae_shop_bloodbath_and_beyond
D:8:      layout_basic, makhleb_blood_cavern_becter,
          mainiacjoe_overflow_small_starburst, lair_entry_dummy
D:9:      layout_rooms, amcnicky_altar_gilded, nzn_wu_jian_contemplation,
          enter_bailey_2
D:10:     layout_roguey [special_room_orc], uniq_josephine, uniq_fannar
D:11:     nicolae_cairo_tiling_very_big, layout_basic, erik_orc_1, serial_shops,
          shop, st_stairs_14, nicolae_dithmenos_the_darkroom

Skill      XL: |  1  2  3  4  5  6  7  8  9 10 11 |
---------------+----------------------------------+-----
Fighting       | 4 5 6 7 |  7.5
Evocations     | 1 2 3 4 5 6 |  6.4
Throwing       | 1 2 3 4 5 6 7 |  7.4
Axes           | 3 4 5 6 8 9 10 | 10.8
Armour         | 4 5 6 7 8 9 |  9.0
Shields        | 4 5 6 7 8 9 |  9.2
Dodging        | 1 2 |  2.5
Stealth        | 2 |  2.5

Action                   |  1- 3 |  4- 6 |  7- 9 | 10-12 || total
-------------------------+-------+-------+-------+-------++-------
Melee: War axe           |    50 |   134 |       |       ||   184
       Headbutt          |     6 |    28 |    62 |    82 ||   178
       Hand axe          |       |    36 |   311 |   402 ||   749
Throw: Javelin           |       |       |       |     1 ||     1
Evoke: Wand              |       |     1 |       |     9 ||    10
  Use: Scroll            |       |     8 |     6 |     6 ||    20
       Potion            |       |       |     1 |     3 ||     4
 Stab: Paralysed         |       |       |       |    17 ||    17
       Confused          |       |       |       |     1 ||     1
Armor: Scale mail        |     2 |       |       |       ||     2
       Plate armour      |    20 |    97 |       |       ||   117
       Chain mail        |       |     5 |   156 |   230 ||   391
Dodge: Dodged            |    11 |    41 |    74 |   131 ||   257
Block: Buckler           |     1 |       |       |       ||     1
       Kite shield       |    12 |    62 |   151 |   276 ||   501
